 Dungeon Crawl Stone Soup version 0.21-a0-361-g4efd3f9 (webtiles) character file.

32 Irenicus the Insei (level 3, -2/26 HPs)
             Began as an Octopode Chaos Knight on Oct 13, 2017.
             Slain by an iguana (3 damage)
             ... on level 2 of the Dungeon.
             The game lasted 00:02:14 (1067 turns).

Irenicus the Insei (Octopode Chaos Knight)          Turns: 1067, Time: 00:02:16

Health: -2/26      AC:  1    Str: 11    XL:     3   Next: 25%
Magic:  3/3        EV: 13    Int: 14    God:    Xom [....*.]
Gold:   67         SH:  4    Dex: 10    Spells: 2/2 levels left

rFire    . . .     SeeInvis .     - Unarmed
rCold    . . .     Gourm    .   (no shield)
rNeg     . . .     Faith    .   (helmet restricted)
rPois    .         Spirit   .   (no amulet)
rElec    .         Reflect  .   (no ring)
rCorr    .         Harm     .   (no ring)
MR       .....                  (no ring)
Stlth    ++........             (no ring)
HPRegen  0.08/turn              (no ring)
MPRegen  0.08/turn              (no ring)
                                (no ring)
                                (no ring)

@: flying
A: almost no armour, stealthy swim, amphibious, 8 rings, constrict 8, large bone
plates 1, camouflage 1, blurry vision 1, clumsy 1, gelatinous body 1
a: Renounce Religion


You were on level 2 of the Dungeon.
You worshipped Xom.
You were a beloved toy of Xom.
You were not hungry.

You visited 1 branch of the dungeon, and saw 2 of its levels.

You collected 67 gold pieces.

Inventory:

Magical Staves
 g - an uncursed staff of poison
Jewellery
 h - an uncursed ring of protection from cold {unknown}
Scrolls
 b - a scroll of enchant weapon {unknown}
 d - a scroll of identify {unknown}
 e - 2 scrolls of teleportation {unknown}
 i - 2 scrolls of magic mapping {unknown}
Comestibles
 a - a bread ration


   Skills:
 - Level 3.0 Fighting
 - Level 2.3 Dodging
 + Level 4.3 Unarmed Combat


You had 2 spell levels left.
You didn't know any spells.

Dungeon Overview and Level Annotations

Branches:
Dungeon (2/15)

Altars:


Innate Abilities, Weirdness & Mutations

You cannot wear most types of armour.
You are very stealthy in the water. (Stealth+)
You are amphibious.
You can wear up to eight rings at the same time.
You can use your tentacles to constrict eight enemies at once.
Your skin changes colour to match your surroundings (Stealth+).
Your rubbery body absorbs attacks. (AC +1, EV +1)
You are partially covered in large bone plates. (SH +4)
Scrolls take you a little longer to read.
You are clumsy. (Dex -2)


Message History

The iguana bites you but does no damage.
You tentacle-slap the iguana but do no damage.
You constrict the iguana, but do no damage.
The iguana bites you!
Ouch! That really hurt!
You barely miss the iguana. You constrict the iguana. The iguana bites you!
* * * LOW HITPOINT WARNING * * *
It was a potion of curing.
You feel better.
Xom thinks this is hilarious!
You constrict the iguana. The iguana bites you!
Ouch! That really hurt!
* * * LOW HITPOINT WARNING * * *
It was a potion of flight.
You feel very buoyant.
You fly up into the air.
Xom thinks this is hilarious!
You constrict the iguana, but do no damage.
The iguana bites you.
You die...
Xom chuckles heartily!

#.. ..#
#[.♣ ♣..#
#.$.♣♣...
#.....$.
.....
#''###
#.w#.#
#.rl.#
####@####
#.....#
#.....#
#.....#
#.....#
#.....#
###.###
#)# #.#


You could see a worm, an iguana and a quokka.

Vanquished Creatures
  A leopard gecko (D:1)
  2 ball pythons
  3 bats (D:1)
  2 giant cockroaches
  3 goblins
  6 hobgoblins (D:1)
  2 jackals (D:1)
  2 frilled lizards (D:1)
  3 kobolds (D:1)
  2 rats (D:1)
26 creatures vanquished.

Notes
Turn   | Place    | Note
-------+----------+-------------------------------------------
     0 | D:1      | Irenicus the Octopode Chaos Knight began the quest for the Orb.
     0 | D:1      | Reached XP level 1. HP: 16/16 MP: 1/1
   115 | D:1      | XOM is BORED!
   115 | D:1      | XOM: harmless Pois miscast
   164 | D:1      | Reached XP level 2. HP: 4/21 MP: 2/2
   168 | D:1      | HP: 1/21 [jackal (1)]
   223 | D:1      | XOM: divination: detect items
   466 | D:1      | XOM: harmless Chrm miscast
   790 | D:1      | Reached skill level 4 in Unarmed Combat
   797 | D:1      | Reached XP level 3. HP: 7/26 MP: 3/3
   863 | D:1      | XOM is BORED!
   863 | D:1      | XOM: silly message
   994 | D:2      | XOM: give mutation
   994 | D:2      | Gained mutation: You are partially covered in large bone plates. (SH +4) [Xom's grace]
   999 | D:2      | XOM: god gift: knobbly runed staff {god gift}
  1060 | D:2      | XOM: give mutations
  1060 | D:2      | Gained mutation: You are weak. (Str -2) [Xom's mischief]
  1060 | D:2      | Gained mutation: Scrolls take you a little longer to read. [Xom's mischief]
  1060 | D:2      | Lost mutation: You are weak. (Str -2) [Xom's mischief]
  1060 | D:2      | Gained mutation: You are clumsy. (Dex -2) [Xom's mischief]
  1066 | D:2      | HP: 1/26 [iguana (13)]
  1067 | D:2      | Slain by an iguana

Vault maps used:
D:1:      minmay_arrival_widening_spiral_wide, grunt_decor_mini_mirrors
D:2:      kennysheep_generic_room_6

Skill      XL: |  1  2 |
---------------+-------+-----
Unarmed Combat | 4 |  4.3
Fighting       | |  3.0
Dodging        | |  2.3

Action                   || total
-------------------------++-------
Melee: Unarmed           ||    53
       Constrict         ||    14
       Tentacles         ||     8
       Punch             ||     1
  Use: Potion            ||     2
 Stab: Sleeping          ||     5
Armor: Skin              ||    10
Dodge: Dodged            ||    29
Block: Other             ||     2

Table legend:
 A = Spawn XP
 B = Non-spawn XP
 C = Spawn XP percentage of total XP
 D = Spawn monster count
 E = Non-spawn monster count
 F = Spawn count percentage of total count
 G = Total turns spent on level
                    A         B        C        D         E        F      G
               +---------+---------+-------+---------+---------+-------+---------
         Total |       0 |      46 |   0.0 |       0 |      26 |   0.0 |  1067
               +---------+---------+-------+---------+---------+-------+---------
           D:1 |       0 |      39 |   0.0 |       0 |      22 |   0.0 |   990
           D:2 |       0 |       7 |   0.0 |       0 |       4 |   0.0 |    77
               +---------+---------+-------+---------+---------+-------+---------
